[ AOE2 MATCH · #490640337 ]
UnrankedEthiopians vs Britons
[ REPLAY ANALYSIS · EXTRACTED FROM THE RECORDED GAME ]
Feudal
12:13
Castle
17:01
Imperial
38:10
| APM avg | 14.0 |
| APM peak | 30 |
| eAPM avg | 10.3 |
| Villagers / military | 98 / 67 |
Focus
⚔️ 23.8% · 🌾 76.2%
Knight ×37 · Shotel Warrior ×26 · Battering Ram ×4
Feudal
8:15
Castle
26:06
Imperial
—
| APM avg | 6.3 |
| APM peak | 17 |
| eAPM avg | 5.2 |
| Villagers / military | 56 / 25 |
Focus
⚔️ 23.2% · 🌾 76.8%
Militia ×12 · Archer ×5 · Scout Cavalry ×4 · Knight ×2 · Mangonel ×1 · Spearman ×1
Feudal
11:36
Castle
28:30
Imperial
—
| APM avg | 21.9 |
| APM peak | 52 |
| eAPM avg | 15.0 |
| Villagers / military | 92 / 144 |
Focus
⚔️ 33.7% · 🌾 66.3%
Militia ×74 · Scout Cavalry ×50 · Woad Raider ×20
Feudal
13:32
Castle
24:23
Imperial
—
| APM avg | 8.1 |
| APM peak | 21 |
| eAPM avg | 6.1 |
| Villagers / military | 53 / 31 |
Focus
⚔️ 18.6% · 🌾 81.4%
Spearman ×18 · Huskarl ×9 · Militia ×4
Feudal
11:13
Castle
15:53
Imperial
34:42
| APM avg | 17.5 |
| APM peak | 45 |
| eAPM avg | 8.9 |
| Villagers / military | 65 / 28 |
Focus
⚔️ 19.1% · 🌾 80.9%
Archer ×24 · War Elephant ×4
Feudal
11:01
Castle
17:00
Imperial
37:28
| APM avg | 21.9 |
| APM peak | 58 |
| eAPM avg | 13.1 |
| Villagers / military | 115 / 60 |
Focus
⚔️ 22.8% · 🌾 77.2%
Longbowman ×60
Feudal
10:22
Castle
20:30
Imperial
36:13
| APM avg | 18.0 |
| APM peak | 48 |
| eAPM avg | 13.5 |
| Villagers / military | 100 / 100 |
Focus
⚔️ 19.3% · 🌾 80.7%
Spearman ×50 · Militia ×21 · Woad Raider ×17 · Mangonel ×5 · Scorpion ×4 · Battering Ram ×3
Feudal
10:06
Castle
23:24
Imperial
—
| APM avg | 18.1 |
| APM peak | 38 |
| eAPM avg | 10.5 |
| Villagers / military | 80 / 67 |
Focus
⚔️ 24.9% · 🌾 75.1%
Militia ×43 · Battering Ram ×17 · Petard ×7
Match map
Initial resources + every placement click. Lines = walls · curves = elevation contours. ◆ gold · ⬟ stone · ● berries · ✦ relic · ◌ wall gap
Your base· ✓ Closed at 17:01 · 17t walls · 1 gate(s)
reneferr25's base· ✓ Closed at 26:06 · 15t walls · 1 gate(s)
felipegarcia92's base· ✓ Closed at 28:30 · 0t walls · 2 gate(s)
Chakal09's base· ✓ Closed at 24:23 · 2t walls · 1 gate(s)
krausmaster's base· ✓ Closed at 15:53 · 13t walls · 2 gate(s)
vitavidal91's base· ✓ Closed at 17:00 · 39t walls · 2 gate(s)
kaiju's base· ✓ Closed at 20:30 · 11t walls · 1 gate(s)
GuilleLeopold17's base· Open — 1t gap
Smoothed initial terrain · ◌ = detected wall gap · hover for details
Inputs per minute
— tatomagallanes - - reneferr25
Build order — tatomagallanes
First 150 of 276 actions detected
| 0:01 | Create | Villager (Male) |
| 0:02 | Create | Villager (Male) |
| 0:02 | Create | Villager (Male) |
| 0:02 | Create | Villager (Male) |
| 0:02 | Create | Villager (Male) |
| 0:07 | Build | House |
| 0:12 | Build | House |
| 1:52 | Create | Villager (Male) |
| 2:02 | Create | Villager (Male) |
| 2:32 | Research | Loom |
| 3:00 | Create | Villager (Male) |
| 3:25 | Create | Villager (Male) |
| 3:39 | Build | Mill |
| 3:42 | Create | Villager (Male) |
| 3:46 | Build | House |
| 4:28 | Build | Lumber Camp |
| 4:36 | Create | Villager (Male) |
| 4:36 | Create | Villager (Male) |
| 5:03 | Create | Villager (Male) |
| 5:18 | Create | Villager (Male) |
| 5:38 | Create | Villager (Male) |
| 5:46 | Create | Villager (Male) |
| 6:18 | Create | Villager (Male) |
| 6:28 | Build | House |
| 6:29 | Build | House |
| 7:08 | Create | Villager (Male) |
| 7:08 | Create | Villager (Male) |
| 7:39 | Create | Villager (Male) |
| 7:39 | Create | Villager (Male) |
| 8:04 | Build | Farm |
| 8:11 | Build | Farm |
| 8:26 | Create | Villager (Male) |
| 8:31 | Build | Farm |
| 8:53 | Create | Villager (Male) |
| 9:01 | Build | Farm |
| 9:24 | Create | Villager (Male) |
| 9:50 | Build | Mining Camp |
| 9:56 | Research | Feudal Age |
| 10:41 | Create | Villager (Male) |
| 10:41 | Create | Villager (Male) |
| 10:41 | Create | Villager (Male) |
| 12:13 | Create | Villager (Male) |
| 12:13 | Age | Feudal Age |
| 12:25 | Build | Stone Wall |
| 12:34 | Build | Stone Wall |
| 12:43 | Create | Villager (Male) |
| 12:44 | Create | Villager (Male) |
| 13:24 | Build | Blacksmith |
| 13:49 | Build | Market |
| 14:21 | Research | Castle Age |
| 14:32 | Build | Mining Camp |
| 14:44 | Build | Farm |
| 14:47 | Research | Double-Bit Axe |
| 14:51 | Research | Horse Collar |
| 14:53 | Research | Stone Mining |
| 15:45 | Build | Farm |
| 15:53 | Build | Farm |
| 16:24 | Build | Gate |
| 16:34 | Build | House |
| 16:35 | Build | House |
| 16:37 | Build | House |
| 16:42 | Build | House |
| 16:45 | Build | House |
| 17:01 | Age | Castle Age |
| 17:06 | Build | Town Center |
| 17:13 | Research | Wheelbarrow |
| 17:56 | Create | Villager (Male) |
| 17:56 | Create | Villager (Male) |
| 17:56 | Create | Villager (Male) |
| 18:16 | Build | Farm |
| 18:40 | Create | Villager (Male) |
| 18:40 | Create | Villager (Male) |
| 19:18 | Build | Farm |
| 19:20 | Create | Villager (Male) |
| 19:24 | Create | Villager (Male) |
| 19:25 | Create | Villager (Male) |
| 19:36 | Build | Town Center |
| 19:39 | Research | Gold Mining |
| 19:45 | Build | Farm |
| 19:50 | Create | Villager (Male) |
| 19:57 | Create | Villager (Male) |
| 20:02 | Build | Farm |
| 20:29 | Build | Barracks |
| 20:33 | Create | Villager (Male) |
| 20:39 | Create | Villager (Male) |
| 20:43 | Build | Farm |
| 20:46 | Create | Villager (Male) |
| 20:54 | Create | Villager (Male) |
| 21:05 | Build | Farm |
| 21:07 | Research | Heavy Plow |
| 21:19 | Create | Villager (Male) |
| 21:20 | Create | Villager (Male) |
| 21:26 | Research | Stone Shaft Mining |
| 21:29 | Create | Villager (Male) |
| 21:40 | Create | Villager (Male) |
| 21:42 | Create | Villager (Male) |
| 21:45 | Create | Villager (Male) |
| 22:20 | Create | Villager (Male) |
| 22:20 | Create | Villager (Male) |
| 22:26 | Create | Villager (Male) |
| 22:32 | Build | Farm |
| 22:34 | Build | Farm |
| 22:47 | Create | Villager (Male) |
| 22:51 | Create | Villager (Male) |
| 22:58 | Build | Farm |
| 23:06 | Build | Farm |
| 23:07 | Build | Farm |
| 23:09 | Build | Farm |
| 23:12 | Create | Villager (Male) |
| 23:19 | Create | Villager (Male) |
| 23:20 | Create | Villager (Male) |
| 24:05 | Build | House |
| 24:06 | Build | House |
| 24:08 | Research | Scale Mail Armor |
| 24:13 | Research | Town Watch |
| 24:16 | Create | Villager (Male) |
| 24:17 | Create | Villager (Male) |
| 24:22 | Build | Farm |
| 24:24 | Build | Farm |
| 24:25 | Build | Farm |
| 24:26 | Build | Farm |
| 24:31 | Create | Villager (Male) |
| 24:31 | Create | Villager (Male) |
| 24:41 | Research | Gold Shaft Mining |
| 25:52 | Build | Castle |
| 26:29 | Build | University |
| 26:31 | Create | Villager (Male) |
| 26:32 | Create | Villager (Male) |
| 26:46 | Research | Chain Mail Armor |
| 27:25 | Research | Ballistics |
| 27:30 | Create | Villager (Male) |
| 27:30 | Create | Villager (Male) |
| 27:31 | Create | Villager (Male) |
| 27:50 | Research | Murder Holes |
| 27:55 | Create | Shotel Warrior |
| 27:55 | Create | Shotel Warrior |
| 27:55 | Create | Shotel Warrior |
| 27:56 | Create | Shotel Warrior |
| 27:56 | Create | Shotel Warrior |
| 28:25 | Research | Hand Cart |
| 28:43 | Research | Hand Cart |
| 28:52 | Create | Shotel Warrior |
| 28:52 | Create | Shotel Warrior |
| 28:52 | Create | Shotel Warrior |
| 28:53 | Create | Shotel Warrior |
| 29:10 | Build | Siege Workshop |
| 29:31 | Research | Royal Heirs |
| 29:42 | Create | Battering Ram |
| 29:52 | Build | Watch Tower |
| 29:59 | Create | Shotel Warrior |
Build order — reneferr25
125 actions detected in the replay
| 0:06 | Build | House |
| 0:24 | Create | Villager (Male) |
| 0:25 | Create | Villager (Male) |
| 0:25 | Create | Villager (Male) |
| 0:25 | Create | Villager (Male) |
| 1:26 | Build | Mill |
| 1:51 | Create | Villager (Male) |
| 1:51 | Create | Villager (Male) |
| 2:10 | Build | House |
| 2:22 | Create | Villager (Male) |
| 3:08 | Create | Villager (Male) |
| 3:43 | Create | Villager (Male) |
| 3:43 | Create | Villager (Male) |
| 4:23 | Build | Lumber Camp |
| 4:37 | Create | Villager (Male) |
| 6:05 | Research | Feudal Age |
| 6:36 | Create | Villager (Male) |
| 6:37 | Create | Villager (Male) |
| 6:38 | Create | Villager (Male) |
| 7:29 | Create | Villager (Male) |
| 7:43 | Build | House |
| 7:51 | Build | House |
| 7:58 | Build | House |
| 8:15 | Age | Feudal Age |
| 8:25 | Create | Villager (Male) |
| 8:26 | Create | Villager (Male) |
| 8:26 | Create | Villager (Male) |
| 8:50 | Create | Villager (Male) |
| 9:23 | Build | Barracks |
| 9:30 | Create | Villager (Male) |
| 10:08 | Build | Mining Camp |
| 10:21 | Create | Villager (Male) |
| 10:22 | Create | Villager (Male) |
| 10:22 | Create | Villager (Male) |
| 11:11 | Create | Villager (Male) |
| 11:12 | Create | Villager (Male) |
| 11:12 | Create | Villager (Male) |
| 11:36 | Build | Archery Range |
| 11:45 | Create | Villager (Male) |
| 11:45 | Create | Villager (Male) |
| 11:45 | Create | Villager (Male) |
| 12:07 | Build | Farm |
| 12:34 | Build | Farm |
| 12:47 | Research | Man-at-Arms (upgrade) |
| 12:56 | Build | Farm |
| 13:27 | Build | Farm |
| 13:33 | Build | Farm |
| 13:35 | Create | Villager (Male) |
| 13:36 | Create | Villager (Male) |
| 13:36 | Create | Villager (Male) |
| 13:36 | Create | Villager (Male) |
| 13:50 | Build | Farm |
| 14:14 | Build | Farm |
| 14:19 | Create | Militia |
| 14:32 | Build | House |
| 14:40 | Build | Farm |
| 14:49 | Build | House |
| 14:56 | Create | Villager (Male) |
| 14:58 | Create | Villager (Male) |
| 15:26 | Build | Farm |
| 15:47 | Build | Palisade Wall |
| 16:03 | Build | Farm |
| 16:09 | Build | Farm |
| 16:24 | Build | Farm |
| 16:32 | Create | Villager (Male) |
| 16:33 | Create | Villager (Male) |
| 16:34 | Create | Villager (Male) |
| 16:36 | Create | Villager (Male) |
| 16:37 | Create | Villager (Male) |
| 16:49 | Build | Farm |
| 17:07 | Build | Palisade Gate |
| 17:22 | Build | House |
| 17:43 | Build | House |
| 17:46 | Build | House |
| 17:50 | Build | House |
| 17:53 | Build | House |
| 18:09 | Build | Blacksmith |
| 18:11 | Create | Archer |
| 18:14 | Create | Militia |
| 18:33 | Build | Stable |
| 18:40 | Build | House |
| 18:50 | Create | Militia |
| 19:05 | Create | Militia |
| 19:05 | Create | Militia |
| 19:14 | Create | Militia |
| 19:14 | Create | Militia |
| 19:26 | Create | Spearman |
| 19:48 | Create | Militia |
| 19:51 | Create | Archer |
| 19:51 | Create | Archer |
| 22:40 | Build | Palisade Wall |
| 23:20 | Build | Barracks |
| 23:26 | Research | Castle Age |
| 23:33 | Create | Villager (Male) |
| 23:33 | Create | Villager (Male) |
| 23:33 | Create | Villager (Male) |
| 23:34 | Create | Villager (Male) |
| 23:34 | Create | Villager (Male) |
| 24:06 | Create | Militia |
| 24:07 | Create | Militia |
| 24:08 | Create | Militia |
| 24:12 | Create | Militia |
| 24:21 | Create | Villager (Male) |
| 24:35 | Build | Mining Camp |
| 25:52 | Create | Villager (Male) |
| 25:52 | Create | Villager (Male) |
| 25:53 | Create | Villager (Male) |
| 25:53 | Create | Villager (Male) |
| 25:54 | Create | Villager (Male) |
| 25:54 | Create | Villager (Male) |
| 25:54 | Create | Villager (Male) |
| 25:55 | Create | Villager (Male) |
| 25:55 | Create | Villager (Male) |
| 25:55 | Create | Villager (Male) |
| 26:04 | Create | Archer |
| 26:04 | Create | Archer |
| 26:06 | Age | Castle Age |
| 26:49 | Build | Siege Workshop |
| 26:51 | Create | Knight |
| 26:52 | Create | Knight |
| 27:55 | Create | Mangonel |
| 30:38 | Create | Scout Cavalry |
| 31:38 | Create | Scout Cavalry |
| 31:38 | Create | Scout Cavalry |
| 31:51 | Create | Scout Cavalry |
Build order — felipegarcia92
First 150 of 334 actions detected
| 0:01 | Create | Villager (Male) |
| 0:01 | Create | Villager (Male) |
| 0:02 | Create | Villager (Male) |
| 0:02 | Create | Villager (Male) |
| 0:02 | Create | Villager (Male) |
| 0:04 | Build | House |
| 0:07 | Build | House |
| 1:38 | Create | Villager (Male) |
| 1:53 | Create | Villager (Male) |
| 2:26 | Create | Villager (Male) |
| 2:56 | Create | Villager (Male) |
| 2:56 | Create | Villager (Male) |
| 3:22 | Create | Villager (Male) |
| 3:25 | Build | House |
| 3:39 | Create | Villager (Male) |
| 3:50 | Build | Mill |
| 4:26 | Create | Villager (Male) |
| 4:26 | Create | Villager (Male) |
| 4:26 | Create | Villager (Male) |
| 4:37 | Research | Loom |
| 4:53 | Build | Lumber Camp |
| 5:05 | Create | Villager (Male) |
| 5:05 | Create | Villager (Male) |
| 5:40 | Create | Villager (Male) |
| 5:40 | Create | Villager (Male) |
| 6:02 | Create | Villager (Male) |
| 6:02 | Create | Villager (Male) |
| 6:02 | Create | Villager (Male) |
| 6:03 | Create | Villager (Male) |
| 6:03 | Create | Villager (Male) |
| 6:30 | Create | Villager (Male) |
| 6:30 | Create | Villager (Male) |
| 6:39 | Build | House |
| 7:39 | Create | Villager (Male) |
| 7:39 | Create | Villager (Male) |
| 8:12 | Create | Villager (Male) |
| 8:17 | Build | Mining Camp |
| 9:08 | Build | Mining Camp |
| 9:26 | Research | Feudal Age |
| 9:37 | Build | Barracks |
| 9:41 | Build | House |
| 10:48 | Build | Palisade Gate |
| 10:54 | Create | Militia |
| 10:54 | Create | Militia |
| 10:58 | Create | Villager (Male) |
| 10:59 | Create | Villager (Male) |
| 11:31 | Create | Militia |
| 11:36 | Age | Feudal Age |
| 11:45 | Build | Stable |
| 11:49 | Build | House |
| 11:56 | Create | Militia |
| 12:07 | Build | Blacksmith |
| 12:16 | Build | Farm |
| 12:17 | Create | Villager (Male) |
| 12:37 | Build | Farm |
| 13:18 | Create | Villager (Male) |
| 13:24 | Build | House |
| 13:30 | Create | Militia |
| 13:47 | Build | Farm |
| 13:48 | Build | Farm |
| 13:52 | Build | Farm |
| 13:57 | Build | Farm |
| 13:57 | Build | Farm |
| 13:57 | Build | Farm |
| 13:57 | Build | Farm |
| 13:58 | Build | Farm |
| 14:07 | Create | Villager (Male) |
| 14:18 | Create | Villager (Male) |
| 14:26 | Build | Farm |
| 14:28 | Create | Villager (Male) |
| 14:42 | Build | Farm |
| 15:03 | Research | Man-at-Arms (upgrade) |
| 15:04 | Create | Militia |
| 15:06 | Create | Villager (Male) |
| 15:10 | Build | Farm |
| 15:33 | Create | Villager (Male) |
| 15:41 | Create | Militia |
| 15:41 | Create | Militia |
| 15:43 | Build | House |
| 15:54 | Create | Scout Cavalry |
| 15:54 | Create | Scout Cavalry |
| 15:56 | Create | Militia |
| 15:56 | Create | Militia |
| 16:07 | Build | House |
| 16:10 | Build | House |
| 16:12 | Build | House |
| 16:15 | Create | Villager (Male) |
| 16:24 | Build | Farm |
| 16:31 | Research | Horse Collar |
| 16:41 | Create | Scout Cavalry |
| 16:46 | Create | Villager (Male) |
| 16:58 | Create | Militia |
| 17:11 | Create | Villager (Male) |
| 17:14 | Build | Farm |
| 17:24 | Create | Militia |
| 17:28 | Create | Scout Cavalry |
| 17:31 | Create | Villager (Male) |
| 17:35 | Research | Scale Mail Armor |
| 18:09 | Build | Gate |
| 18:10 | Create | Villager (Male) |
| 18:10 | Create | Villager (Male) |
| 18:11 | Create | Villager (Male) |
| 18:16 | Build | Farm |
| 18:16 | Build | Farm |
| 19:04 | Create | Villager (Male) |
| 19:05 | Create | Villager (Male) |
| 19:13 | Build | Farm |
| 19:13 | Build | Farm |
| 19:15 | Create | Militia |
| 19:16 | Create | Militia |
| 19:16 | Create | Militia |
| 19:45 | Build | Farm |
| 19:52 | Create | Villager (Male) |
| 19:57 | Create | Militia |
| 19:58 | Create | Militia |
| 20:01 | Create | Scout Cavalry |
| 20:01 | Create | Scout Cavalry |
| 20:01 | Create | Scout Cavalry |
| 20:04 | Create | Militia |
| 20:37 | Build | Mill |
| 20:39 | Build | Farm |
| 20:39 | Build | Farm |
| 20:44 | Build | Farm |
| 20:44 | Build | Farm |
| 20:45 | Build | Farm |
| 20:45 | Build | Farm |
| 21:16 | Create | Militia |
| 21:17 | Create | Scout Cavalry |
| 21:18 | Create | Scout Cavalry |
| 21:25 | Build | House |
| 21:25 | Build | House |
| 21:25 | Build | House |
| 21:26 | Build | House |
| 21:26 | Build | House |
| 21:27 | Create | Villager (Male) |
| 21:28 | Create | Villager (Male) |
| 21:35 | Build | Farm |
| 21:41 | Create | Villager (Male) |
| 21:45 | Create | Militia |
| 21:46 | Create | Scout Cavalry |
| 21:47 | Create | Scout Cavalry |
| 22:06 | Build | Mill |
| 22:07 | Build | Farm |
| 22:12 | Create | Villager (Male) |
| 22:27 | Build | Farm |
| 22:40 | Create | Militia |
| 22:41 | Create | Militia |
| 22:54 | Build | House |
| 22:54 | Build | House |
| 22:55 | Build | House |
Build order — Chakal09
First 150 of 173 actions detected
| 0:06 | Create | Villager (Male) |
| 0:06 | Create | Villager (Male) |
| 0:06 | Create | Villager (Male) |
| 0:07 | Create | Villager (Male) |
| 0:07 | Create | Villager (Male) |
| 0:57 | Build | House |
| 0:58 | Build | House |
| 1:00 | Build | House |
| 3:54 | Build | House |
| 4:04 | Build | Palisade Gate |
| 4:10 | Build | House |
| 4:25 | Build | Palisade Wall |
| 4:32 | Create | Villager (Male) |
| 6:34 | Create | Villager (Male) |
| 6:34 | Create | Villager (Male) |
| 6:48 | Build | Palisade Wall |
| 7:30 | Build | Lumber Camp |
| 7:37 | Create | Villager (Male) |
| 7:38 | Create | Villager (Male) |
| 8:18 | Create | Villager (Male) |
| 8:19 | Create | Villager (Male) |
| 9:55 | Build | Mill |
| 11:22 | Research | Feudal Age |
| 12:45 | Build | Mining Camp |
| 13:32 | Age | Feudal Age |
| 13:44 | Create | Villager (Male) |
| 13:44 | Create | Villager (Male) |
| 14:38 | Create | Villager (Male) |
| 15:06 | Create | Villager (Male) |
| 15:06 | Create | Villager (Male) |
| 16:11 | Create | Villager (Male) |
| 16:12 | Create | Villager (Male) |
| 16:49 | Build | Barracks |
| 17:12 | Build | Market |
| 17:25 | Create | Villager (Male) |
| 17:25 | Create | Villager (Male) |
| 17:56 | Create | Villager (Male) |
| 18:14 | Create | Spearman |
| 18:14 | Create | Spearman |
| 18:14 | Create | Spearman |
| 18:15 | Create | Spearman |
| 18:44 | Build | Lumber Camp |
| 19:19 | Build | House |
| 20:27 | Build | Blacksmith |
| 20:53 | Create | Villager (Male) |
| 20:54 | Create | Villager (Male) |
| 21:10 | Build | Farm |
| 21:10 | Build | Farm |
| 21:10 | Build | Farm |
| 21:11 | Build | Farm |
| 21:17 | Research | Castle Age |
| 21:39 | Research | Man-at-Arms (upgrade) |
| 22:06 | Build | Farm |
| 22:14 | Create | Militia |
| 22:15 | Create | Militia |
| 23:12 | Create | Villager (Male) |
| 23:12 | Create | Villager (Male) |
| 23:23 | Build | House |
| 23:23 | Build | House |
| 23:25 | Build | House |
| 23:26 | Build | House |
| 23:29 | Build | House |
| 23:30 | Build | House |
| 23:35 | Research | Double-Bit Axe |
| 23:46 | Research | Horse Collar |
| 23:52 | Build | Farm |
| 23:53 | Build | Farm |
| 23:53 | Build | Farm |
| 23:53 | Build | Farm |
| 23:54 | Build | Farm |
| 23:54 | Build | Farm |
| 23:54 | Build | Farm |
| 23:54 | Build | Farm |
| 23:55 | Build | Farm |
| 24:08 | Create | Militia |
| 24:08 | Create | Militia |
| 24:23 | Age | Castle Age |
| 25:00 | Build | Mining Camp |
| 27:24 | Create | Villager (Male) |
| 27:24 | Create | Villager (Male) |
| 27:52 | Build | Town Center |
| 28:21 | Create | Villager (Male) |
| 28:21 | Create | Villager (Male) |
| 29:26 | Create | Villager (Male) |
| 29:27 | Create | Villager (Male) |
| 29:36 | Build | Farm |
| 29:37 | Build | Farm |
| 29:37 | Build | Farm |
| 29:38 | Build | Farm |
| 29:49 | Research | Stone Mining |
| 30:14 | Research | Gold Mining |
| 30:23 | Research | Heavy Plow |
| 30:28 | Research | Pikeman (upgrade) |
| 30:32 | Research | Long Swordsman (upgrade) |
| 30:45 | Build | Barracks |
| 31:17 | Build | Castle |
| 31:37 | Create | Spearman |
| 31:37 | Create | Spearman |
| 31:37 | Create | Spearman |
| 31:44 | Create | Spearman |
| 31:44 | Create | Spearman |
| 31:44 | Create | Spearman |
| 31:44 | Create | Spearman |
| 31:54 | Build | Farm |
| 31:54 | Build | Farm |
| 31:55 | Build | Farm |
| 31:55 | Build | Farm |
| 31:59 | Create | Villager (Male) ×3 |
| 32:09 | Create | Villager (Male) |
| 32:09 | Create | Villager (Male) |
| 32:17 | Build | Farm |
| 32:17 | Build | Farm |
| 32:17 | Build | Farm |
| 32:17 | Build | Farm |
| 33:42 | Build | Farm |
| 33:43 | Build | Farm |
| 33:47 | Build | Farm |
| 33:47 | Build | Farm |
| 33:48 | Build | Farm |
| 33:48 | Build | Farm |
| 33:48 | Build | Farm |
| 33:49 | Build | Farm |
| 33:49 | Build | Farm |
| 33:54 | Create | Villager (Male) |
| 33:54 | Create | Villager (Male) |
| 33:54 | Create | Villager (Male) |
| 33:55 | Create | Villager (Male) |
| 34:08 | Build | Lumber Camp |
| 34:19 | Create | Villager (Male) |
| 34:20 | Create | Villager (Male) |
| 34:20 | Create | Villager (Male) |
| 34:20 | Create | Villager (Male) |
| 34:28 | Create | Huskarl |
| 34:28 | Create | Huskarl |
| 34:28 | Create | Huskarl |
| 34:29 | Create | Huskarl |
| 34:58 | Build | Farm |
| 35:08 | Build | Farm |
| 35:36 | Create | Huskarl ×5 |
| 35:45 | Create | Spearman ×5 |
| 35:50 | Create | Spearman ×2 |
| 36:16 | Build | Farm |
| 36:16 | Build | Farm |
| 36:16 | Build | Farm |
| 36:17 | Build | Farm |
| 36:17 | Build | Farm |
| 36:17 | Build | Farm |
| 36:42 | Research | Wheelbarrow |
| 36:44 | Create | Villager (Male) |
| 36:45 | Create | Villager (Male) |
Build order — krausmaster
148 actions detected in the replay
| 0:04 | Build | House |
| 0:06 | Build | House |
| 0:08 | Create | Villager (Male) ×5 |
| 2:06 | Create | Villager (Male) ×2 |
| 2:55 | Create | Villager (Male) ×2 |
| 3:55 | Research | Loom |
| 4:01 | Build | House |
| 4:27 | Create | Villager (Male) ×4 |
| 5:00 | Build | Mill |
| 5:47 | Create | Villager (Male) ×5 |
| 6:09 | Build | House |
| 7:30 | Build | House |
| 8:10 | Build | Mining Camp |
| 8:15 | Create | Villager (Male) |
| 8:15 | Create | Villager (Male) |
| 9:09 | Research | Feudal Age |
| 9:10 | Create | Villager (Male) |
| 9:58 | Build | Lumber Camp |
| 11:12 | Build | Mining Camp |
| 11:13 | Age | Feudal Age |
| 11:19 | Create | Villager (Male) |
| 11:36 | Build | Market |
| 11:46 | Create | Villager (Male) |
| 12:01 | Build | Gate |
| 12:11 | Build | Stone Wall |
| 12:21 | Build | Gate |
| 12:37 | Build | Blacksmith |
| 12:42 | Create | Villager (Male) |
| 12:42 | Create | Villager (Male) |
| 13:25 | Research | Castle Age |
| 13:38 | Build | House |
| 13:41 | Build | House |
| 14:14 | Research | Double-Bit Axe |
| 15:07 | Research | Horse Collar |
| 15:11 | Create | Villager (Male) |
| 15:53 | Age | Castle Age |
| 16:06 | Build | Farm |
| 16:06 | Build | Farm |
| 16:06 | Build | Farm |
| 16:07 | Build | Farm |
| 16:07 | Build | Farm |
| 16:07 | Build | Farm |
| 16:13 | Create | Villager (Male) |
| 16:14 | Create | Villager (Male) |
| 16:44 | Build | Farm |
| 16:44 | Build | Farm |
| 16:44 | Build | Farm |
| 16:45 | Build | Farm |
| 16:45 | Build | Farm |
| 16:54 | Create | Villager (Male) |
| 16:55 | Create | Villager (Male) |
| 17:33 | Build | Castle |
| 18:02 | Build | Town Center |
| 19:57 | Create | Villager (Male) |
| 19:57 | Create | Villager (Male) |
| 19:57 | Create | Villager (Male) |
| 20:01 | Create | Villager (Male) |
| 20:01 | Create | Villager (Male) |
| 20:01 | Create | Villager (Male) |
| 20:01 | Create | Villager (Male) |
| 20:27 | Build | Farm |
| 20:30 | Build | Farm |
| 20:33 | Build | Farm |
| 20:36 | Create | Villager (Male) |
| 20:36 | Create | Villager (Male) |
| 20:52 | Create | Villager (Male) |
| 20:53 | Create | Villager (Male) |
| 20:53 | Create | Villager (Male) |
| 21:14 | Build | Barracks |
| 21:31 | Build | Town Center |
| 21:45 | Research | Bow Saw |
| 21:49 | Research | Heavy Plow |
| 22:18 | Build | Archery Range |
| 22:46 | Build | Stone Wall |
| 23:18 | Build | Castle |
| 23:51 | Create | Villager (Male) |
| 23:51 | Create | Villager (Male) |
| 23:52 | Create | Villager (Male) |
| 23:52 | Create | Villager (Male) |
| 23:59 | Research | Crossbowman (upgrade) |
| 24:00 | Create | Archer |
| 24:00 | Create | Archer |
| 24:07 | Create | Archer |
| 24:07 | Create | Archer |
| 24:37 | Create | Villager (Male) |
| 24:37 | Create | Villager (Male) |
| 24:37 | Create | Villager (Male) |
| 25:40 | Build | Farm |
| 25:41 | Build | Farm |
| 25:41 | Build | Farm |
| 25:41 | Build | Farm |
| 25:41 | Build | Farm |
| 25:42 | Build | Farm |
| 25:42 | Build | Farm |
| 26:14 | Research | Kamandaran |
| 26:20 | Create | Villager (Male) |
| 26:57 | Create | Archer ×5 |
| 27:01 | Research | Fletching |
| 27:32 | Research | Bodkin Arrow |
| 27:37 | Research | Wheelbarrow |
| 27:52 | Create | Archer ×5 |
| 27:58 | Build | Farm |
| 28:03 | Build | Farm |
| 28:13 | Create | Villager (Male) |
| 28:13 | Create | Villager (Male) |
| 28:13 | Create | Villager (Male) |
| 28:23 | Create | Villager (Male) |
| 28:23 | Create | Villager (Male) |
| 28:52 | Create | Archer ×5 |
| 29:00 | Build | House |
| 29:00 | Build | House |
| 29:01 | Build | House |
| 29:01 | Build | House |
| 29:01 | Build | House |
| 29:02 | Build | House |
| 29:03 | Build | House |
| 29:04 | Build | House |
| 29:10 | Research | Gold Mining |
| 29:28 | Build | University |
| 29:35 | Build | Archery Range |
| 29:46 | Create | Villager (Male) |
| 29:46 | Create | Villager (Male) |
| 29:46 | Create | Villager (Male) |
| 29:47 | Create | Villager (Male) |
| 30:02 | Build | Farm |
| 30:02 | Build | Farm |
| 30:03 | Build | Farm |
| 30:03 | Build | Farm |
| 30:03 | Build | Farm |
| 30:04 | Build | Farm |
| 30:04 | Build | Farm |
| 30:05 | Build | Farm |
| 30:05 | Build | Farm |
| 30:40 | Research | Thumb Ring |
| 30:41 | Create | Archer ×5 |
| 30:53 | Research | Ballistics |
| 31:27 | Create | Villager (Male) |
| 31:43 | Build | Farm |
| 31:54 | Build | House |
| 31:57 | Research | Imperial Age |
| 32:15 | Research | Padded Archer Armor |
| 32:20 | Build | Farm |
| 32:35 | Create | Villager (Male) ×5 |
| 33:06 | Create | War Elephant |
| 33:29 | Create | War Elephant |
| 33:29 | Create | War Elephant |
| 33:29 | Create | War Elephant |
| 34:42 | Age | Imperial Age |
Build order — vitavidal91
First 150 of 300 actions detected
| 0:01 | Create | Villager (Male) |
| 0:01 | Create | Villager (Male) |
| 0:03 | Build | House |
| 0:04 | Build | House |
| 0:28 | Create | Villager (Male) |
| 0:49 | Create | Villager (Male) |
| 1:34 | Create | Villager (Male) |
| 2:07 | Create | Villager (Male) |
| 2:20 | Create | Villager (Male) |
| 2:57 | Create | Villager (Male) |
| 3:18 | Create | Villager (Male) |
| 3:26 | Build | House |
| 3:30 | Create | Villager (Male) |
| 3:52 | Create | Villager (Male) |
| 4:37 | Create | Villager (Male) |
| 4:53 | Create | Villager (Male) |
| 5:30 | Create | Villager (Male) |
| 5:50 | Create | Villager (Male) |
| 6:01 | Build | Palisade Wall |
| 6:04 | Build | Palisade Gate |
| 6:09 | Create | Villager (Male) |
| 6:15 | Build | House |
| 6:18 | Create | Villager (Male) |
| 6:25 | Build | Mill |
| 7:03 | Create | Villager (Male) |
| 7:40 | Build | Mill |
| 7:46 | Create | Villager (Male) |
| 8:01 | Build | House |
| 8:12 | Create | Villager (Male) |
| 8:28 | Build | Lumber Camp |
| 8:51 | Research | Feudal Age |
| 9:42 | Build | Farm |
| 9:43 | Build | Farm |
| 10:13 | Build | Mining Camp |
| 11:01 | Build | Lumber Camp |
| 11:01 | Age | Feudal Age |
| 11:04 | Create | Villager (Male) |
| 11:29 | Create | Villager (Male) |
| 11:53 | Create | Villager (Male) |
| 12:01 | Build | Blacksmith |
| 12:09 | Create | Villager (Male) |
| 12:24 | Build | Farm |
| 12:38 | Create | Villager (Male) |
| 12:49 | Build | Market |
| 12:54 | Create | Villager (Male) |
| 13:21 | Research | Loom |
| 13:49 | Create | Villager (Male) |
| 14:20 | Research | Castle Age |
| 14:49 | Build | Mining Camp |
| 15:05 | Research | Double-Bit Axe |
| 15:07 | Research | Horse Collar |
| 15:23 | Build | Mining Camp |
| 16:20 | Build | Stone Wall |
| 16:24 | Build | Gate |
| 16:53 | Create | Villager (Male) |
| 17:00 | Age | Castle Age |
| 17:08 | Research | Wheelbarrow |
| 17:13 | Build | House |
| 17:24 | Build | House |
| 17:26 | Build | House |
| 17:27 | Build | House |
| 17:29 | Build | House |
| 17:30 | Build | House |
| 17:31 | Build | House |
| 17:35 | Create | Villager (Male) |
| 17:51 | Build | Town Center |
| 18:41 | Create | Villager (Male) |
| 18:58 | Build | House |
| 18:58 | Build | House |
| 18:59 | Build | House |
| 19:01 | Build | House |
| 19:02 | Build | House |
| 19:04 | Build | House |
| 19:09 | Create | Villager (Male) |
| 19:09 | Create | Villager (Male) |
| 19:09 | Create | Villager (Male) |
| 19:11 | Create | Villager (Male) |
| 19:11 | Create | Villager (Male) |
| 19:12 | Create | Villager (Male) |
| 19:12 | Create | Villager (Male) |
| 19:12 | Create | Villager (Male) |
| 19:15 | Build | Farm |
| 19:51 | Build | Farm |
| 20:05 | Build | Farm |
| 20:15 | Build | House |
| 20:19 | Create | Villager (Male) |
| 20:21 | Create | Villager (Male) |
| 21:03 | Build | Castle |
| 21:13 | Build | Farm |
| 21:18 | Build | House |
| 21:19 | Build | House |
| 21:19 | Build | House |
| 21:25 | Research | Fletching |
| 21:29 | Build | Farm |
| 21:43 | Create | Villager (Male) |
| 21:43 | Create | Villager (Male) |
| 21:53 | Create | Villager (Male) |
| 21:54 | Create | Villager (Male) |
| 22:08 | Create | Longbowman |
| 22:08 | Create | Longbowman |
| 22:13 | Build | Mining Camp |
| 22:16 | Create | Longbowman |
| 22:20 | Build | Farm |
| 22:23 | Build | Farm |
| 22:25 | Create | Villager (Male) |
| 22:26 | Create | Villager (Male) |
| 22:30 | Create | Villager (Male) |
| 22:30 | Create | Villager (Male) |
| 22:48 | Build | Mill |
| 22:49 | Build | Farm |
| 22:50 | Build | Farm |
| 22:50 | Build | Farm |
| 22:50 | Build | Farm |
| 22:50 | Build | Farm |
| 22:50 | Build | Farm |
| 22:51 | Build | Farm |
| 22:51 | Build | Farm |
| 22:52 | Build | Farm |
| 22:52 | Build | Farm |
| 22:52 | Build | Farm |
| 22:53 | Build | Farm |
| 22:53 | Build | Farm |
| 22:53 | Build | Farm |
| 22:53 | Build | Farm |
| 22:59 | Create | Villager (Male) |
| 22:59 | Create | Villager (Male) |
| 22:59 | Create | Villager (Male) |
| 23:07 | Create | Villager (Male) |
| 23:07 | Create | Villager (Male) |
| 23:12 | Create | Longbowman |
| 23:12 | Create | Longbowman |
| 23:25 | Create | Villager (Male) |
| 23:26 | Create | Villager (Male) |
| 23:33 | Create | Longbowman |
| 23:33 | Create | Longbowman |
| 23:33 | Create | Longbowman |
| 23:34 | Create | Longbowman |
| 23:34 | Create | Longbowman |
| 23:41 | Create | Villager (Male) |
| 23:41 | Create | Villager (Male) |
| 23:55 | Create | Villager (Male) |
| 23:58 | Create | Villager (Male) |
| 24:15 | Build | Mill |
| 24:18 | Create | Villager (Male) |
| 24:19 | Create | Villager (Male) |
| 24:25 | Create | Longbowman |
| 24:25 | Create | Longbowman |
| 24:46 | Create | Longbowman |
| 25:03 | Create | Villager (Male) |
| 25:03 | Create | Villager (Male) |
Build order — kaiju
First 150 of 274 actions detected
| 0:02 | Create | Villager (Male) |
| 0:03 | Create | Villager (Male) |
| 0:03 | Create | Villager (Male) |
| 0:03 | Create | Villager (Male) |
| 0:05 | Build | House |
| 1:38 | Create | Villager (Male) |
| 1:46 | Build | House |
| 1:48 | Build | House |
| 1:50 | Create | Villager (Male) |
| 2:17 | Build | Lumber Camp |
| 2:23 | Create | Villager (Male) |
| 2:52 | Create | Villager (Male) |
| 3:01 | Create | Villager (Male) |
| 3:36 | Create | Villager (Male) |
| 4:05 | Create | Villager (Male) |
| 4:19 | Build | Mill |
| 4:44 | Create | Villager (Male) |
| 4:44 | Create | Villager (Male) |
| 5:16 | Create | Villager (Male) |
| 5:21 | Build | Palisade Wall |
| 5:24 | Build | Palisade Gate |
| 5:25 | Create | Villager (Male) |
| 5:52 | Create | Villager (Male) |
| 5:59 | Create | Villager (Male) |
| 6:28 | Create | Villager (Male) |
| 6:28 | Create | Villager (Male) |
| 7:05 | Build | House |
| 7:19 | Build | House |
| 7:48 | Build | House |
| 7:56 | Create | Villager (Male) |
| 8:08 | Research | Feudal Age |
| 8:59 | Build | Mining Camp |
| 9:18 | Research | Loom |
| 10:05 | Build | Barracks |
| 10:22 | Age | Feudal Age |
| 10:33 | Create | Villager (Male) |
| 10:33 | Create | Villager (Male) |
| 10:35 | Research | Double-Bit Axe |
| 11:15 | Create | Villager (Male) |
| 11:16 | Create | Villager (Male) |
| 11:34 | Create | Villager (Male) |
| 11:47 | Build | Blacksmith |
| 12:12 | Build | Barracks |
| 12:35 | Create | Villager (Male) |
| 12:35 | Create | Villager (Male) |
| 12:42 | Create | Militia |
| 12:42 | Create | Militia |
| 12:53 | Research | Man-at-Arms (upgrade) |
| 13:06 | Build | Mining Camp |
| 13:20 | Build | House |
| 13:21 | Build | House |
| 13:48 | Build | Lumber Camp |
| 13:49 | Create | Villager (Male) |
| 13:50 | Create | Villager (Male) |
| 13:56 | Build | Farm |
| 13:56 | Build | Farm |
| 13:56 | Build | Farm |
| 13:56 | Build | Farm |
| 13:57 | Build | Farm |
| 14:32 | Build | Farm |
| 14:32 | Build | Farm |
| 14:32 | Build | Farm |
| 14:32 | Build | Farm |
| 14:41 | Create | Villager (Male) |
| 14:41 | Create | Villager (Male) |
| 15:05 | Build | Farm |
| 15:26 | Build | Farm |
| 15:35 | Build | Farm |
| 15:35 | Build | Farm |
| 15:35 | Build | Farm |
| 15:35 | Build | Farm |
| 15:35 | Build | Farm |
| 15:40 | Create | Villager (Male) |
| 16:23 | Build | Mining Camp |
| 17:03 | Build | Market |
| 17:08 | Create | Villager (Male) |
| 17:08 | Create | Villager (Male) |
| 17:50 | Research | Castle Age |
| 18:01 | Build | House |
| 18:02 | Build | House |
| 18:04 | Build | House |
| 18:07 | Research | Scale Mail Armor |
| 18:17 | Create | Spearman ×5 |
| 18:17 | Create | Spearman ×3 |
| 18:44 | Research | Stone Mining |
| 19:05 | Research | Horse Collar |
| 19:12 | Build | Farm |
| 19:12 | Build | Farm |
| 19:12 | Build | Farm |
| 19:13 | Build | Farm |
| 19:13 | Build | Farm |
| 20:00 | Research | Gold Mining |
| 20:01 | Create | Villager (Male) |
| 20:30 | Age | Castle Age |
| 20:35 | Build | Town Center |
| 20:38 | Create | Villager (Male) |
| 20:38 | Create | Villager (Male) |
| 20:38 | Create | Villager (Male) |
| 21:06 | Build | Siege Workshop |
| 21:20 | Create | Villager (Male) |
| 21:21 | Create | Villager (Male) |
| 21:21 | Create | Villager (Male) |
| 21:21 | Create | Villager (Male) |
| 21:21 | Create | Villager (Male) |
| 21:42 | Build | Castle |
| 21:48 | Create | Villager (Male) |
| 21:48 | Create | Villager (Male) |
| 21:48 | Create | Villager (Male) |
| 21:48 | Create | Villager (Male) |
| 21:49 | Create | Villager (Male) |
| 21:49 | Create | Villager (Male) |
| 22:02 | Research | Bow Saw |
| 22:11 | Create | Scorpion |
| 22:11 | Create | Scorpion |
| 22:16 | Create | Spearman ×2 |
| 22:16 | Create | Spearman ×2 |
| 22:29 | Create | Villager (Male) |
| 22:30 | Create | Villager (Male) |
| 22:44 | Create | Villager (Male) |
| 22:53 | Build | House |
| 22:54 | Build | House |
| 22:55 | Build | House |
| 22:58 | Build | House |
| 22:58 | Build | House |
| 23:13 | Create | Villager (Male) |
| 23:14 | Create | Villager (Male) |
| 23:14 | Create | Villager (Male) |
| 23:35 | Research | Heavy Plow |
| 24:23 | Create | Villager (Male) |
| 24:23 | Create | Villager (Male) |
| 24:24 | Create | Villager (Male) |
| 24:24 | Create | Villager (Male) |
| 24:32 | Build | Mining Camp |
| 25:04 | Build | Town Center |
| 25:05 | Create | Villager (Male) |
| 25:05 | Create | Villager (Male) |
| 25:05 | Create | Villager (Male) |
| 25:05 | Create | Villager (Male) |
| 26:06 | Build | Lumber Camp |
| 26:07 | Create | Villager (Male) |
| 26:08 | Create | Villager (Male) |
| 26:08 | Create | Villager (Male) |
| 26:08 | Create | Villager (Male) |
| 26:08 | Create | Villager (Male) |
| 26:13 | Build | Farm |
| 26:44 | Create | Woad Raider |
| 26:45 | Create | Woad Raider |
| 26:45 | Create | Woad Raider |
| 27:03 | Create | Villager (Male) |
| 27:11 | Build | Farm |
Build order — GuilleLeopold17
First 150 of 184 actions detected
| 0:02 | Create | Villager (Male) |
| 0:03 | Create | Villager (Male) |
| 0:03 | Create | Villager (Male) |
| 0:03 | Create | Villager (Male) |
| 0:05 | Build | House |
| 0:11 | Build | House |
| 1:49 | Create | Villager (Male) |
| 1:49 | Create | Villager (Male) |
| 2:03 | Create | Villager (Male) |
| 2:03 | Create | Villager (Male) |
| 2:26 | Build | Mule Cart |
| 2:29 | Create | Villager (Male) |
| 2:29 | Create | Villager (Male) |
| 2:56 | Create | Villager (Male) |
| 2:56 | Create | Villager (Male) |
| 2:56 | Create | Villager (Male) |
| 3:36 | Create | Villager (Male) |
| 3:37 | Create | Villager (Male) |
| 3:44 | Build | House |
| 3:45 | Build | House |
| 4:04 | Create | Villager (Male) |
| 4:04 | Create | Villager (Male) |
| 4:30 | Create | Villager (Male) |
| 4:31 | Create | Villager (Male) |
| 4:31 | Create | Villager (Male) |
| 5:05 | Build | Mill |
| 5:18 | Create | Villager (Male) |
| 5:18 | Create | Villager (Male) |
| 7:43 | Build | Barracks |
| 7:57 | Research | Feudal Age |
| 8:13 | Build | Mule Cart |
| 9:48 | Build | Barracks |
| 9:54 | Create | Villager (Male) |
| 9:55 | Create | Villager (Male) |
| 10:06 | Age | Feudal Age |
| 10:24 | Build | Mule Cart |
| 10:30 | Research | Man-at-Arms (upgrade) |
| 10:55 | Create | Militia |
| 10:55 | Create | Militia |
| 10:55 | Create | Militia |
| 11:08 | Build | Palisade Gate |
| 11:24 | Build | Palisade Wall |
| 11:43 | Create | Villager (Male) |
| 11:43 | Create | Villager (Male) |
| 11:43 | Create | Villager (Male) |
| 11:43 | Create | Villager (Male) |
| 11:58 | Build | House |
| 11:59 | Build | House |
| 12:00 | Build | House |
| 12:50 | Create | Militia |
| 13:09 | Create | Villager (Male) |
| 13:20 | Build | Market |
| 13:39 | Build | Palisade Gate |
| 13:45 | Build | Palisade Wall |
| 13:53 | Create | Villager (Male) |
| 13:53 | Create | Villager (Male) |
| 14:23 | Build | Blacksmith |
| 14:33 | Create | Villager (Male) |
| 14:50 | Research | Long Swordsman (upgrade) |
| 15:24 | Research | Wheelbarrow |
| 15:29 | Create | Villager (Male) |
| 15:47 | Create | Villager (Male) |
| 15:56 | Create | Militia ×5 |
| 15:56 | Create | Militia ×5 |
| 17:12 | Build | Mule Cart |
| 17:32 | Build | House |
| 17:33 | Build | House |
| 17:33 | Build | House |
| 19:12 | Build | Farm |
| 19:12 | Build | Farm |
| 19:12 | Build | Farm |
| 19:13 | Build | Farm |
| 19:13 | Build | Farm |
| 19:13 | Build | Farm |
| 19:13 | Build | Farm |
| 19:14 | Build | Farm |
| 19:14 | Build | Farm |
| 19:14 | Build | Farm |
| 19:55 | Build | Farm |
| 19:55 | Build | Farm |
| 19:55 | Build | Farm |
| 20:44 | Research | Castle Age |
| 21:08 | Create | Militia ×2 |
| 21:09 | Create | Militia ×2 |
| 22:29 | Create | Militia ×5 |
| 23:24 | Age | Castle Age |
| 23:38 | Create | Villager (Male) ×5 |
| 24:28 | Research | Two-Handed Swordsman (upgrade) |
| 24:39 | Build | Castle |
| 25:05 | Build | Town Center |
| 25:40 | Create | Villager (Male) |
| 25:40 | Create | Villager (Male) |
| 25:40 | Create | Villager (Male) |
| 26:09 | Create | Villager (Male) |
| 26:10 | Create | Villager (Male) |
| 26:10 | Create | Villager (Male) |
| 26:16 | Build | Siege Workshop |
| 26:18 | Build | Siege Workshop |
| 26:19 | Build | Siege Workshop |
| 26:42 | Build | Town Center |
| 26:49 | Create | Villager (Male) |
| 26:51 | Create | Villager (Male) ×3 |
| 27:46 | Create | Militia ×3 |
| 28:40 | Build | Mill |
| 29:02 | Create | Petard |
| 29:02 | Create | Petard |
| 29:02 | Create | Petard |
| 29:17 | Create | Petard |
| 29:18 | Create | Petard |
| 29:18 | Create | Petard |
| 29:21 | Create | Battering Ram ×2 |
| 29:33 | Create | Villager (Male) |
| 29:33 | Create | Villager (Male) |
| 29:33 | Create | Villager (Male) |
| 29:33 | Create | Villager (Male) |
| 29:39 | Build | Mule Cart |
| 29:47 | Create | Villager (Male) |
| 29:47 | Create | Villager (Male) |
| 29:47 | Create | Villager (Male) |
| 30:07 | Create | Petard |
| 30:28 | Create | Villager (Male) |
| 30:28 | Create | Villager (Male) |
| 30:49 | Research | Horse Collar |
| 31:10 | Create | Villager (Male) |
| 31:10 | Create | Villager (Male) |
| 31:10 | Create | Villager (Male) |
| 31:14 | Build | Farm |
| 31:14 | Build | Farm |
| 31:15 | Build | Farm |
| 31:15 | Build | Farm |
| 31:19 | Create | Villager (Male) ×2 |
| 31:39 | Create | Battering Ram |
| 31:57 | Research | Arson |
| 32:07 | Create | Villager (Male) |
| 32:08 | Create | Villager (Male) |
| 32:08 | Create | Villager (Male) |
| 32:33 | Create | Battering Ram ×2 |
| 33:03 | Create | Villager (Male) ×5 |
| 33:10 | Build | House |
| 33:10 | Build | House |
| 33:11 | Build | House |
| 33:11 | Build | House |
| 33:11 | Build | House |
| 33:12 | Build | House |
| 33:12 | Build | House |
| 33:12 | Build | House |
| 34:48 | Create | Battering Ram ×4 |
| 35:14 | Create | Battering Ram |
| 35:22 | Research | Champion (upgrade) |
| 35:24 | Create | Militia |
Match timeline
| 4:25 | Chakal09 · wall_segment Palisade Wall x1 |
| 5:21 | kaiju · wall_segment Palisade Wall x11 |
| 6:01 | vitavidal91 · wall_segment Palisade Wall x21 |
| 6:48 | Chakal09 · wall_segment Palisade Wall x1 |
| 7:43 | GuilleLeopold17 · first_building Barracks |
| 8:15 | reneferr25 · age_up feudal |
| 9:23 | reneferr25 · first_building Barracks |
| 9:37 | felipegarcia92 · first_building Barracks |
| 10:05 | kaiju · first_building Barracks |
| 10:06 | GuilleLeopold17 · age_up feudal |
| 10:22 | kaiju · age_up feudal |
| 11:01 | vitavidal91 · age_up feudal |
| 11:13 | krausmaster · age_up feudal |
| 11:24 | GuilleLeopold17 · wall_segment Palisade Wall x5 |
| 11:36 | reneferr25 · first_building Archery Range |
| 11:36 | felipegarcia92 · age_up feudal |
| 11:45 | felipegarcia92 · first_building Stable |
| 12:11 | krausmaster · wall_segment Stone Wall x13 |
| 12:13 | tatomagallanes · age_up feudal |
| 12:25 | tatomagallanes · wall_segment Stone Wall x9 |
| 12:34 | tatomagallanes · wall_segment Stone Wall x8 |
| 13:32 | Chakal09 · age_up feudal |
| 13:45 | GuilleLeopold17 · wall_segment Palisade Wall x12 |
| 15:47 | reneferr25 · wall_segment Palisade Wall x14 |
| 15:53 | krausmaster · age_up castle |
| 16:20 | vitavidal91 · wall_segment Stone Wall x18 |
| 16:49 | Chakal09 · first_building Barracks |
| 17:00 | vitavidal91 · age_up castle |
| 17:01 | tatomagallanes · age_up castle |
| 17:33 | krausmaster · first_building Castle |
| 17:49 | krausmaster · first_market_buy 100 stone |
| 18:33 | reneferr25 · first_building Stable |
| 20:29 | tatomagallanes · first_building Barracks |
| 20:30 | kaiju · age_up castle |
| 21:03 | vitavidal91 · first_building Castle |
| 21:06 | kaiju · first_building Siege Workshop |
| 21:14 | krausmaster · first_building Barracks |
| 21:42 | kaiju · first_building Castle |
| 22:18 | krausmaster · first_building Archery Range |
| 22:40 | reneferr25 · wall_segment Palisade Wall x1 |
| 22:46 | krausmaster · wall_segment Stone Wall x1 |
| 23:24 | GuilleLeopold17 · age_up castle |
| 23:34 | GuilleLeopold17 · first_market_buy 100 stone |
| 24:23 | Chakal09 · age_up castle |
| 24:39 | GuilleLeopold17 · first_building Castle |
| 25:52 | tatomagallanes · first_building Castle |
| 26:06 | reneferr25 · age_up castle |
| 26:16 | GuilleLeopold17 · first_building Siege Workshop |
| 26:49 | reneferr25 · first_building Siege Workshop |
| 28:30 | felipegarcia92 · age_up castle |
| 28:52 | vitavidal91 · first_market_sell 100 wood |
| 29:10 | tatomagallanes · first_building Siege Workshop |
| 31:01 | GuilleLeopold17 · first_market_sell 100 stone |
| 31:17 | Chakal09 · first_building Castle |
| 31:34 | krausmaster · first_market_sell 500 wood |
| 32:08 | kaiju · first_market_sell 100 wood |
| 32:12 | kaiju · first_market_buy 100 food |
| 32:36 | reneferr25 · resign |
| 33:29 | felipegarcia92 · first_building Castle |
| 34:42 | krausmaster · age_up imperial |
| 34:53 | tatomagallanes · first_building Stable |
| 36:07 | vitavidal91 · first_building Siege Workshop |
| 36:13 | kaiju · age_up imperial |
| 36:44 | felipegarcia92 · first_building Siege Workshop |
| 37:28 | vitavidal91 · age_up imperial |
| 38:10 | tatomagallanes · age_up imperial |
[ AI ANALYSIS · 1 CREDIT ]
What really happened in this match?
Wolo.gg analyzes every decision: build order, eco, micro, common mistakes by bracket. Personalized analysis on WhatsApp or Discord in 30 seconds.
Civ guide
Ethiopians
Perfil
Jugador #18791477